 Dungeon Crawl Stone Soup version 0.29.1-12-g30fa7ad0bf (webtiles) character file.

Game seed: 5519275255975145228

33173 cowcol the Cleaver (level 13, -10/174 HPs)
             Began as a Pale Draconian Berserker on Dec 20, 2022.
             Was an Elder of Trog.
             Mangled by a death yak (14 damage)
             ... on level 4 of the Lair of Beasts on Dec 22, 2022.
             The game lasted 01:06:54 (26784 turns).

cowcol the Cleaver (Pale Draconian Berserker)      Turns: 26784, Time: 01:06:54

Health: -10/174    AC: 17    Str: 22    XL:     13   Next: 35%
Magic:  13/13      EV: 30    Int:  8    God:    Trog [****..]
Gold:   780        SH:  0    Dex: 13    Spells: 12/12 levels left

rFire   . . .      SeeInvis .   O - +7 battleaxe
rCold   . . .      Faith    .   (shield currently unavailable)
rNeg    . . .      Spirit   .   (body armour unavailable)
rPois   .          Reflect  .   (helmet restricted)
rElec   .          Harm     .   w - +2 cloak {rCorr}
rCorr   +          Rampage  .   L - +2 pair of gloves
Will    +....                   D - +2 pair of boots
Stlth   ..........              e - amulet of the acrobat
HPRegen 0.39/turn               H - ring of flight
MPRegen 0.13/turn               X - ring of willpower

@: berserking (expiring), lethally poisoned (-10 -> -24), acrobatic, flying,
very quick
A: breathe steam, AC +8, unfitting armour, cold-blooded, steam resistance
a: Breathe Steam, Renounce Religion, Berserk, Trog's Hand, Brothers in Arms


You were on level 4 of the Lair of Beasts.
You worshipped Trog.
Trog was greatly pleased with you.
You visited 2 branches of the dungeon, and saw 15 of its levels.
You also visited: Sewer.

You collected 780 gold pieces.

Inventory:

Hand Weapons
 n - a +1 broad axe of electrocution
 r - a +0 great sword
 v - a +0 flail of holy wrath
 y - a +2 whip of flaming
 J - a +6 rapier of venom
 O - a +7 battleaxe (weapon)
 Q - a +3 short sword of freezing
 S - a +2 vampiric falchion
 V - a +4 long sword
 W - a +7 spear
Missiles
 o - 5 javelins
 z - a curare-tipped dart
 F - 19 poisoned darts (quivered)
Armour
 u - a scarf of invisibility
 w - a +2 cloak of preservation (worn)
 D - a +2 pair of boots (worn)
 L - a +2 pair of gloves (worn)
Jewellery
 b - a ring of magical power
 e - an amulet of the acrobat (around neck)
 l - a ring of positive energy
 H - a ring of flight (left hand)
 K - a +6 ring of intelligence
 M - a ring of ice
 X - a ring of willpower (right hand)
Wands
 f - a wand of charming (5)
 j - a wand of digging (4)
 q - a wand of roots (38)
 B - a wand of mindburst (24)
 C - a wand of polymorph (13)
 I - a wand of flame (25)
 N - a wand of acid (23)
Scrolls
 g - 3 scrolls of silence
 h - 2 scrolls of immolation
 i - 3 scrolls of teleportation
 k - 4 scrolls of fog
 m - 2 scrolls of magic mapping
 s - 3 scrolls of identify
 E - 2 scrolls of fear
 G - 5 scrolls of amnesia
 R - 2 scrolls of poison
 T - a scroll of enchant armour
 Y - 2 scrolls of blinking
Potions
 a - a potion of berserk rage {unknown}
 c - 5 potions of might
 p - 11 potions of flight
 t - 2 potions of invisibility
 x - 4 potions of curing
 A - 3 potions of ambrosia
 P - a potion of haste {unknown}
 U - a potion of mutation {unknown}
 Z - 3 potions of cancellation
Miscellaneous
 d - a piece from Xom's chessboard (15/15)


   Skills:
 + Level 11.1 Fighting
 - Level 0.5(6.1) Short Blades
 * Level 9.9 Long Blades
 + Level 14.7(15.1) Axes
 * Level 5.4(11.0) Maces & Flails
 - Level 3.4 Throwing
 + Level 8.0 Dodging
 + Level 5.0 Stealth


You had 12 spell levels left.
You didn't know any spells.
Your spell library was empty.

Dungeon Overview and Level Annotations

Branches:
Dungeon (11/15)            Temple (0/1) D:6            Lair (4/5) D:10
  Swamp (0/4) Lair:3       Spider (0/4) Lair:3        Sewer (visited)
  Slime: Lair:4-5       Orc: D:9-12

Altars:
Ashenzari
Dithmenos
Hepliaklqana
Kikubaaqudgha
Makhleb
Okawaru
Ru
Sif Muna
Trog
Uskayaw
Vehumet
Wu Jian
Yredelemnul
Zin

Shops:
D:5 *   D:6 *   D:10 *


Innate Abilities, Weirdness & Mutations

You can breathe blasts of scalding, opaque steam.
Your pale cyan-grey scales are hard. (AC +8)
You cannot fit into any form of body armour.
You are cold-blooded and may be slowed by cold attacks.
You are immune to the effects of steam.


Message History

The death yak gores you!
* * * LOW HITPOINT WARNING * * *
Rupert hits your deep troll with a +1 battleaxe of venom!!!
Your deep troll dies!
Your deep troll's corpse disappears in a puff of smoke!
Rupert misses you.
Rupert shouts!
You slice Rupert!!
Rupert is severely wounded.
You hit the death yak but do no damage. Rupert barely misses you.
The death yak gores you but does no damage.
You slice Rupert!!
Rupert is severely wounded.
You slash the death yak! Rupert closely misses you.
Unknown command.
You slice Rupert!!
Rupert is almost dead.
You hit the death yak. The death yak barely misses you.
Rupert hits you with a +1 battleaxe of venom!!
* * * LOW HITPOINT WARNING * * *
You are lethally poisoned!
You slash Rupert!
Rupert is almost dead.
You slash the death yak!
You have got your breath back.
* * * LOW HITPOINT WARNING * * *
You feel very sick. Rupert barely misses you. The death yak closely misses you.
You slash Rupert!
You kill Rupert!
Trog accepts your kill.
You barely miss the death yak.
* * * LOW HITPOINT WARNING * * *
You feel very sick.
* * * LOW HITPOINT WARNING * * *
You feel very sick. The death yak gores you.
* * * LOW HITPOINT WARNING * * *
The death yak gores you!
You die...

,,,,,,,,~~~~..~~.....♣.#*
,,,,,,,,*.~~~~....~♣...P*
*,,,,,,,,/~.~~..~.♣.♣,,,*
,,,,,,,**,,♣..~~....#,,**
,,,,***,,...♣.......#,,*
,,,,,*,,,.P.......#**,,*
,,,,,**,,...#.##..##*,**
,,,,,,,,,,,,*###YY.#,,***
,,,,,,,,,,,,*#.#@Y##,*,,*
,,,,,,,,,,,**#..Y##,.#***
,,,,,,,*,***###..#**.#
,,,,,,,*** #...## *.##
,,,,,,,* ###...###..##
*,*,**** #.#....#...P#
,,,** *###.....#...#*
*,,*******..#.P....P(.#
**,,,,,,*,.....##....##


You could see 4 death yaks.

Vanquished Creatures
  Rupert (Lair:4)
  3 hydras
  Fannar (D:10)
  A catoblepas (Lair:1)
  A centaur warrior (D:10)
  2 two-headed ogres
  Pikel (D:5)
  Maurice (D:11)
  2 black mambas (Lair:2)
  Joseph (D:7)
  A gargoyle (D:11)
  2 torpor snails
  6 komodo dragons
  5 cane toads
  3 rime drakes
  Psyche (D:11)
  3 kobold demonologists (D:11)
  A hornet (D:11)
  5 blink frogs (Lair:3)
  Sigmund (D:5)
  A shadow (D:11)
  A jumping spider (Lair:3)
  58 yaks
  7 basilisks
  A wraith (D:11)
  3 wyverns
  Eustachio (D:5)
  10 water moccasins
  2 acid dragons
  4 ice beasts
  2 black bears
  7 orc warriors
  2 sky beasts
  2 ogres (D:5)
  6 wolves (Lair:2)
  2 centaurs
  A phantom (D:5)
  6 kobold brigands
  2 gnoll sergeants (D:8)
  11 bullfrogs
  4 scorpions
  16 wights
  15 killer bees
  A howler monkey (D:8)
  An orc priest (D:9)
  6 jellies
  2 gnoll boudas
  2 hounds
  Terence (D:3)
  2 iguanas
  8 orc wizards
  15 hell rats
  Robin (D:2)
  14 gnolls
  3 river rats (Sewer)
  13 adders
  An ufetubus (D:5)
  2 worms
  2 dart slugs (D:2)
  19 orcs
  14 endoplasms
  7 giant cockroaches
  14 goblins
  13 hobgoblins
  3 jackals (Sewer)
  7 quokkas
  8 ball pythons
  6 bats
  3 frilled lizards
  19 kobolds
  5 rats
398 creatures vanquished.

Vanquished Creatures (collateral kills)
  Maggie (D:10)
1 creature vanquished.

Vanquished Creatures (others)
  A bush (Lair:3)
  43 fungi
  28 plants
  9 toadstools (D:3)
81 creatures vanquished.

Grand Total: 480 creatures vanquished

Notes
Turn   | Place    | Note
-------+----------+-------------------------------------------
     0 | D:1      | cowcol the Draconian Berserker began the quest for the Orb.
     0 | D:1      | Reached XP level 1. HP: 19/19 MP: 1/1
   112 | D:1      | Found a faded altar of an unknown god.
   358 | D:1      | Reached XP level 2. HP: 25/26 MP: 2/2
   945 | D:2      | Reached XP level 3. HP: 32/33 MP: 3/3
  1344 | D:2      | Noticed Robin
  1383 | D:2      | Killed Robin
  1393 | D:2      | Found a burning altar of Makhleb.
  1679 | D:2      | Reached ** piety under Trog
  1790 | D:3      | Reached XP level 4. HP: 26/40 MP: 4/4
  1894 | D:3      | Found a glowing drain.
  1907 | Sewer    | Entered a sewer
  1918 | Sewer    | Reached skill level 1 in Long Blades
  2012 | Sewer    | Reached skill level 1 in Stealth
  2014 | Sewer    | Reached skill level 4 in Axes
  2207 | Sewer    | Reached XP level 5. HP: 27/46 MP: 5/5
  3009 | D:3      | Noticed Terence
  3016 | D:3      | Killed Terence
  3707 | D:3      | Reached XP level 6. HP: 39/52 MP: 6/6
  3883 | D:3      | Reached skill level 5 in Axes
  3914 | D:3      | Reached *** piety under Trog
  3918 | D:3      | Found a broken altar of Ashenzari.
  4812 | D:4      | Found an ancient bone altar of Kikubaaqudgha.
  4912 | D:4      | Found a shimmering blue altar of Sif Muna.
  5762 | D:4      | Found an ornate altar of the Wu Jian Council.
  5768 | D:4      | Found a shadowy altar of Dithmenos.
  5771 | D:4      | Found a sacrificial altar of Ru.
  5773 | D:4      | Found a basalt altar of Yredelemnul.
  5778 | D:4      | Found a radiant altar of Vehumet.
  5903 | D:5      | Entered Level 5 of the Dungeon
  5921 | D:5      | Noticed Sigmund
  5929 | D:5      | Killed Sigmund
  5930 | D:5      | Reached skill level 6 in Axes
  5930 | D:5      | Your scales start taking on a pale cyan-grey colour.
  5930 | D:5      | Reached XP level 7. HP: 60/60 MP: 7/7
  5930 | D:5      | Gained mutation: You are immune to the effects of steam.
                  | [Pale Draconian growth]
  6416 | D:5      | Reached skill level 1 in Throwing
  6502 | D:5      | Reached skill level 5 in Fighting
  6514 | D:5      | Noticed Eustachio
  6561 | D:5      | Killed Eustachio
  6562 | D:5      | Reached XP level 8. HP: 24/68 MP: 8/8
  7080 | D:5      | Found Pyritul's Neck Hole.
  7089 | D:5      | Reached skill level 7 in Axes
  7508 | D:5      | Noticed Pikel
  7513 | D:5      | Killed Pikel
  7514 | D:5      | Reached skill level 8 in Axes
  8095 | D:6      | Reached XP level 9. HP: 66/75 MP: 9/9
  8200 | D:6      | Found a hide-covered altar of Uskayaw.
  8200 | D:6      | Noticed a +0 short sword
  8200 | D:6      | Noticed a +0 spear
  8200 | D:6      | Noticed a +0 short sword
  8200 | D:6      | Noticed a +0 falchion
  8201 | D:6      | Noticed a +0 dagger
  8202 | D:6      | Noticed a +0 dagger
  8202 | D:6      | Noticed a +0 spear
  8203 | D:6      | Noticed a +0 falchion
  8216 | D:6      | Found Zin's Purification Station.
  8216 | D:6      | Found a glowing silver altar of Zin.
  8639 | D:6      | Found a staircase to the Ecumenical Temple.
  8996 | D:7      | Reached skill level 5 in Long Blades
  9314 | D:7      | Reached skill level 9 in Axes
  9831 | D:7      | Reached skill level 5 in Dodging
 10072 | D:7      | Noticed Joseph
 10089 | D:7      | Killed Joseph
 11054 | D:8      | Reached XP level 10. HP: 79/80 MP: 10/10
 12009 | D:8      | Reached skill level 10 in Axes
 13378 | D:8      | Found a bloodstained altar of Trog.
 13378 | D:8      | Found an iron altar of Okawaru.
 14430 | D:9      | Noticed a two-headed ogre
 14439 | D:9      | Killed a two-headed ogre
 14713 | D:9      | Reached **** piety under Trog
 15359 | D:10     | Entered Level 10 of the Dungeon
 15359 | D:10     | Noticed a centaur warrior
 15368 | D:10     | Found a hazy altar of Hepliaklqana.
 15370 | D:10     | Reached skill level 11 in Axes
 15379 | D:10     | Killed a centaur warrior
 15689 | D:10     | Found a staircase to the Lair.
 15953 | D:10     | Reached XP level 11. HP: 80/95 MP: 11/11
 16018 | D:10     | Noticed Maggie
 16034 | D:10     | Killed Maggie
 16941 | D:10     | Found Uskev's Assorted Antiques.
 17060 | D:10     | Noticed Fannar
 17077 | D:10     | Killed Fannar
 17232 | D:11     | Noticed a two-headed ogre
 17245 | D:11     | Killed a two-headed ogre
 17382 | D:11     | Noticed Psyche
 17398 | D:11     | Killed Psyche
 17411 | D:11     | Reached skill level 12 in Axes
 18452 | D:11     | Noticed Maurice
 18465 | D:11     | Killed Maurice
 18671 | Lair:1   | Entered Level 1 of the Lair of Beasts
 18683 | Lair:1   | Noticed a seven-headed hydra
 18700 | Lair:1   | Killed a seven-headed hydra
 19104 | Lair:1   | Noticed a catoblepas
 19110 | Lair:1   | Reached skill level 1 in Maces & Flails
 19128 | Lair:1   | Killed a catoblepas
 19129 | Lair:1   | Reached skill level 13 in Axes
 19129 | Lair:1   | Reached XP level 12. HP: 63/105 MP: 12/12
 20707 | Lair:2   | Reached skill level 10 in Fighting
 20731 | Lair:2   | You are sucked into a shaft and drop 2 floors!
 20813 | Lair:2   | Noticed a seven-headed hydra
 21985 | Lair:1   | Killed a seven-headed hydra
 22681 | Lair:2   | Found a burning altar of Makhleb.
 23257 | Lair:3   | Noticed a five-headed hydra
 23290 | Lair:2   | Killed a five-headed hydra
 23291 | Lair:2   | Reached skill level 14 in Axes
 24283 | Lair:3   | Reached XP level 13. HP: 111/115 MP: 13/13
 24448 | Lair:3   | Found a hole to the Spider Nest.
 24540 | Lair:3   | Identified the +8 quarterstaff of Deflation {venom, Will+
                  | Dex+4}
 25429 | Lair:3   | Found a staircase to the Swamp.
 25760 | Lair:4   | Reached skill level 5 in Maces & Flails
 26003 | Lair:4   | Reached skill level 5 in Stealth
 26762 | Lair:4   | Noticed Rupert
 26783 | Lair:4   | Killed Rupert
 26784 | Lair:4   | HP: 6/174 [poisoned by Rupert]
 26784 | Lair:4   | Mangled by a death yak

Illustrated notes

Levels and vault maps discovered:
D:1:      scummos_arrival_hexagon, layout_loops_ring, basic_ecumenical_altar
D:2:      layout_rooms, basic_altar, uniq_robin
D:3:      cheibrodos_fertilizer, layout_basic, mainiacjoe_overflow_boulevard,
          portal_sewer_entry_a, fountainhead, uniq_terence
D:4:      layout_rooms, nicolae_overflow_hallway_of_the_gods,
          mainiacjoe_overflow_concentric_impassable,
          amcnicky_mini_corridor_feature
D:5:      layout_basic, nicolae_shop_sticking_my_neck_out, uniq_sigmund,
          uniq_pikel, uniq_eustachio
D:6:      layout_basic, nicolae_uskayaw_en_pointe, zin_purify,
          minmay_temple_entry_drinking_statues
D:7:      minmay_spotlight, layout_basic, uniq_joseph
D:8:      layout_rooms, grunt_temple_overflow_bloody_war, serial_rivers,
          chequers_serial_rivers_micro_b, chequers_serial_rivers_room_a,
          chequers_serial_rivers_small_b, chequers_serial_rivers_micro_a,
          chequers_serial_rivers_large_a, chequers_serial_rivers_room_b
D:9:      layout_loops_cross
D:10:     layout_basic, mainiacjoe_overflow_catwalk, david_lair_generic,
          serial_shops, nicolae_shop_waterfront, uniq_fannar, uniq_maggie
D:11:     layout_long_grid, uniq_psyche, uniq_maurice
Lair:1:   layout_gridlike
Lair:2:   layout_concentric_octagons, basic_altar, grunt_megastairs_5
Lair:3:   layout_misc_corridors, swamp_mist, spider_nest_entry_rubble
Lair:4:   layout_misc_corridors, dreamdust_mushroom_princess,
          nicolae_quartered_pool_medium, uniq_rupert

Skill      XL: |  1  2  3  4  5  6  7  8  9 10 11 12 13 |
---------------+----------------------------------------+-----
Dodging        | 3 4 5 6 7 8 |  8.0
Long Blades    | 1 2 3 4 6 7 8 9 |  9.9
Stealth        | 1 2 3 4 5 |  5.0
Axes           | 4 6 8 9 11 13 14 | 14.7
Fighting       | 4 5 6 7 8 9 10 11 | 11.1
Throwing       | 1 2 3 |  3.4
Maces & Flails | 1 4 5 |  5.4
Short Blades   | |  0.5

Action                   |  1- 3 |  4- 6 |  7- 9 | 10-12 | 13-15 || total
-------------------------+-------+-------+-------+-------+-------++-------
Melee: Hand axe          |    59 |       |       |       |       ||    59
       Tailslap          |     9 |    17 |    25 |    86 |    22 ||   159
       War axe           |    41 |   194 |   112 |       |       ||   347
       Punch             |       |       |     2 |     1 |       ||     3
       Rapier            |       |       |    17 |       |       ||    17
       Battleaxe         |       |       |    43 |   482 |   127 ||   652
       Whip              |       |       |       |    20 |       ||    20
Throw: Stone             |     6 |    18 |       |       |       ||    24
       Dart              |       |       |    21 |    39 |    11 ||    71
       Javelin           |       |       |       |     5 |     5 ||    10
Invok: Berserk           |     2 |     6 |     9 |    15 |     2 ||    34
       Trog's Hand       |       |       |     1 |       |       ||     1
       Brothers in Arms  |       |       |       |     1 |     1 ||     2
 Abil: Breathe Steam     |       |       |    14 |    39 |     7 ||    60
  Use: Scroll            |     4 |     7 |    10 |    11 |       ||    32
       Potion            |       |       |       |     7 |       ||     7
 Stab: Sleeping          |     1 |     5 |     1 |       |     1 ||     8
Armor: Skin              |    32 |    73 |    68 |   337 |    37 ||   547
Dodge: Dodged            |    57 |   156 |   132 |   527 |    91 ||   963
